 Dungeon Crawl Stone Soup version 0.27-a0-242-ge0fc76b88b (webtiles) character file.

Game seed: 16015478061273081693

23 inqbanana the Skirmisher (level 2, -2/29 HPs)
             Began as a Troll Abyssal Knight on Feb 2, 2021.
             Was a Follower of Lugonu.
             Slain by a gnoll
             ... wielding a +0 spear of flaming
              (8 damage)
             ... on level 1 of the Dungeon.
             The game lasted 00:00:52 (286 turns).

inqbanana the Skirmisher (Troll Abyssal Knight)      Turns: 286, Time: 00:00:53

Health: -2/29      AC:  6    Str: 19    XL:     2   Next: 72%
Magic:  2/2        EV: 10    Int:  8    God:    Lugonu [*.....]
Gold:   34         SH:  0    Dex:  9    Spells: 1/1 levels left

rFire    . . .     SeeInvis .     - Unarmed
rCold    . . .     Faith    .   (no shield)
rNeg     . . .     Spirit   .   a - +0 robe
rPois    .         Reflect  .   (helmet restricted)
rElec    .         Harm     .   (no cloak)
rCorr    .         Rampage  .   (gloves unavailable)
Will     .....                  (boots unavailable)
Stlth    +.........             (no amulet)
HPRegen  0.49/turn              (no ring)
MPRegen  0.08/turn              (no ring)

@: no status effects
A: large, unfitting armour, claws 3, regeneration 1, shaggy fur 1, tough skin 3
a: Renounce Religion, Depart the Abyss


You were on level 1 of the Dungeon.
You worshipped Lugonu.
Lugonu was aware of your devotion.
You visited 1 branch of the dungeon, and saw 1 of its levels.
You visited the Abyss 1 time.

You collected 34 gold pieces.

Inventory:

Missiles
 e - 7 atropa-tipped darts
Armour
 a - a +0 robe (worn)
Scrolls
 b - a scroll of immolation {unknown}
 c - a scroll of teleportation {unknown}
Potions
 d - 2 potions of might {unknown}


   Skills:
 + Level 2.5 Fighting
 + Level 0.3 Armour
 + Level 2.0 Dodging
 + Level 0.2 Stealth
 * Level 2.3 Unarmed Combat
 * Level 2.1 Invocations


You had one spell level left.
You didn't know any spells.
Your spell library was empty.

Dungeon Overview and Level Annotations

Branches:
Dungeon (1/15)

Altars:


Innate Abilities, Weirdness & Mutations

You are too large for most types of armour.
You have claws for hands.
Your natural rate of healing is unusually fast.
You are covered in fur. (AC +1)
You have extremely tough skin. (AC +3)


Message History

The jackal closely misses you. The bat closely misses you.
Things that are here:
a +0 club; a hobgoblin corpse You barely miss the bat.
The bat barely misses you. The bat closely misses you.
The gnoll barely misses you.
You completely miss the bat. The bat hits you but does no damage.
The gnoll hits you from afar with a +0 spear of flaming.
* * * LOW HITPOINT WARNING * * *
The gnoll burns you.
* * * LOW HITPOINT WARNING * * *
You claw the jackal!
You kill the jackal!
Lugonu accepts your kill. The bat hits you but does no damage.
The gnoll closely misses you. The bat hits you but does no damage.
The gnoll hits you but does no damage.
You claw the gnoll!
The gnoll is severely wounded.
The gnoll hits you with a +0 spear of flaming!
You die...

.........#..#.....# .. #.
..#.........#.....# ..#
.#..#####.#.#.#.....#
.......#...#.#.#.#######
#.#..##.......#.#######
.... ........#........
#####'####.........######
#.......#......#...#
#.....†.@).).......#
#...).†g###+##.....#
#.......#..........#
#......##.#.#.###..#
#......# #.#. #.....
#......##...#. #......
#............. .≈≈≈..
#[....$....... .≈)≈..
#...........[# ≈≈.#


You could see a gnoll.

Vanquished Creatures
  An ooze (D:1)
  A leopard gecko (D:1)
  A bat (D:1)
  2 goblins (D:1)
  2 hobgoblins (D:1)
  4 jackals (D:1)
  A frilled lizard (D:1)
  A kobold (D:1)
  3 rats (D:1)
16 creatures vanquished.

Notes
Turn   | Place    | Note
-------+----------+-------------------------------------------
     0 | Abyss:1  | inqbanana the Troll Abyssal Knight began the quest for the
                  | Orb.
     0 | Abyss:1  | Reached XP level 1. HP: 22/22 MP: 1/1
     6 | D:1      | Escaped the Abyss
   111 | D:1      | Reached XP level 2. HP: 29/29 MP: 2/2
   286 | D:1      | Slain by a gnoll

Illustrated notes

Levels and vault maps discovered:
D:1:      scummos_arrival_hexagon, layout_basic, corexii_item_surrounded_by_moat

Skill      XL: |  1  2 |
---------------+-------+-----
Dodging        | 2 |  2.0
Invocations    | 2 |  2.1
Fighting       | |  2.5
Armour         | |  0.3
Stealth        | |  0.2
Unarmed Combat | |  2.3

Action                   || total
-------------------------++-------
Melee: Unarmed           ||    30
       Punch             ||     1
Armor: Robe              ||    32
Dodge: Dodged            ||    36

Table legend: (Time is in decaauts)
 A = Elapsed time spent in this place.
 B = Non-inter-level travel time spent in this place.
 C = Inter-level travel time spent in this place.
 D = Time resting spent in this place.
 E = Time spent auto-exploring this place.
 F = Levels seen in this place.
 G = Mean time per level.
                   A        B        C        D        E       F      G
               +--------+--------+--------+--------+--------+-----+--------+
         Total |    284 |    284 |      0 |      0 |    167 |   2 |  142.0 |
       Dungeon |    278 |    278 |      0 |      0 |    167 |   1 |  278.0 |
         Abyss |      6 |      6 |      0 |      0 |      0 |   1 |    6.0 |
               +--------+--------+--------+--------+--------+-----+--------+

Top non-repeatable levels by time:
     D:1: 278 daAuts
 Abyss:1: 6 daAuts
